Map: Tours du crépuscule

Players

angrywombat

  • Race: Zerg Zerg
  • League: Gold
  • Spawn Location: 7:00

zidar - Winner!

  • Race: Zerg Zerg
  • League: Gold
  • Spawn Location: 1:00

VOD

Have the link to the VOD?

Description

Time

  • Played on: July 1, 2016, 10 a.m.
  • Length: 5:28
Show
View Real Time Build Order
Export as new Build Order

angrywombat Zerg 

Build Orders: 3 Hatch before Pool 

Get SALT Encoding   

  12  0:01  Drone  
  13  0:12  Overlord  
  13  0:17  Drone  
  14  0:30  Drone x2  
  16  0:36  Drone  
  17  0:52  Hatchery  
  17  0:58  Hatchery  
  17  1:00  Drone  
  17  1:04  Drone  
  18  1:07  Drone  
  19  1:11  Extractor  
  18  1:25  Spawning Pool  
  17  1:27  Drone  
  17  1:30  Drone  
  20  1:40  Drone  
  20  1:50  Drone  
  21  2:03  Drone  
  22  2:11  Queen x2  
  22  2:13  Overlord, Drone  
  27  2:22  Drone  
  28  2:32  Drone x2  
  28  2:35  Zergling x2  
  31  2:41  Spine Crawler  
  30  2:44  Drone  
  31  2:53  Drone  
  32  3:10  Drone x4  
  34  3:25  Zergling x16  
  20  3:59  Drone x6  
  24  4:20  Queen  
  26  4:24  Drone x4  
  30  4:32  Drone  
  30  4:33  Drone  
  32  4:51  Spine Crawler  
  31  4:55  Spine Crawler  
  31  4:56  Drone x5  
  35  5:07  Overlord  
  35  5:08  Overlord  
Show
View Real Time Build Order
Export as new Build Order

zidar Zerg - Winner!

Build Orders: 1 Base Baneling Bust, Pool First 

Get SALT Encoding   

  12  0:01  Drone  
  13  0:08  Extractor  
  13  0:11  Drone  
  13  0:30  Spawning Pool  
  12  0:41  Drone  
  13  0:44  Overlord  
  13  0:55  Overlord  
  13  1:17  Queen  
  15  1:20  Metabolic Boost  
  15  1:25  Zergling x2  
  16  1:29  Zergling x2  
  18  1:32  Zergling x2  
  18  1:37  Zergling x2  
  19  1:47  Zergling x2  
  20  2:02  Zergling x2  
  21  2:09  Zergling x2  
  22  2:21  Baneling Nest  
  22  2:22  Zergling x2  
  22  2:27  Zergling x6  
  25  2:40  Zergling x2  
  26  3:03  Zergling x8  
  26  3:33  Zergling x6  
  24  4:00  Zergling x6  
  24  4:19  Zergling x2  
  24  4:22  Hatchery  
  24  4:41  Queen  
  24  4:43  Drone x2  
  28  4:50  Baneling  
  28  4:51  Baneling x3  
Tags
 
Add a new tag
Caveats
  • Supply blocks, unpowered buildings, or Contaminate may cause inaccurate times.
  • Supply counts are checked every 10 seconds.